 Dungeon Crawl Stone Soup version 0.26-a0-547-g695e311 (webtiles) character file.

Game seed: 7479639940917725038

38 B1Gdaddy5 the Stinger (level 3, 0/39 HPs)
             Began as a Draconian Venom Mage on Aug 20, 2020.
             Slain by a hobgoblin
             ... wielding a +0 club
             ... led by Robin
              (3 damage)
             ... on level 2 of the Dungeon.
             The game lasted 00:16:59 (1546 turns).

B1Gdaddy5 the Stinger (Draconian Venom Mage)        Turns: 1546, Time: 00:17:00

Health: 0/39       AC: 21    Str:  9 (10) XL:     3   Next: 25%
Magic:  6/6        EV:  2    Int: 13 (16) God:
Gold:   96         SH:  0    Dex: 10 (11) Spells: 3/6 levels left

rFire    . . .     SeeInvis .   i - +0 mace
rCold    . . .     Faith    .   (no shield)
rNeg     + + +     Spirit   .   (armour unavailable)
rPois    +         Reflect  .   (helmet currently unavailable)
rElec    .         Harm     .   (cloak currently unavailable)
rCorr    .         NoTele   +   (gloves currently unavailable)
MR       .....                  (boots currently unavailable)
Stlth    +++.......             (no amulet)
HPRegen  0.13/turn              e - ring of stealth
MPRegen  0.10/turn              (no ring)

@: tree-form (expiring)
A: unfitting armour, AC +5
a: no special abilities


You were on level 2 of the Dungeon.
You were a tree.
You visited 1 branch of the dungeon, and saw 2 of its levels.

You collected 96 gold pieces.

Inventory:

Hand Weapons
 i - a +0 mace (weapon)
Missiles
 c - 44 stones (quivered)
 d - 21 sling bullets
 g - a throwing net
Jewellery
 e - a ring of stealth (left branch)
Scrolls
 a - 3 scrolls of identify {unknown}
 f - 2 scrolls of fear {unknown}
 k - a scroll of teleportation {unknown}
 l - a scroll of fog {unknown}
 m - a scroll of immolation {unknown}
Potions
 h - a potion of degeneration
 j - a potion of brilliance {unknown}


   Skills:
 + Level 0.1 Maces & Flails
 + Level 2.1 Dodging
 + Level 2.1 Stealth
 + Level 2.4 Spellcasting
 + Level 1.5 Transmutations
 + Level 3.3 Poison Magic


You had 3 spell levels left.
You knew the following spells:

 Your Spells              Type           Power        Failure   Level
a - Sting                 Tmut/Pois      #...         9%          1
b - Poisonous Vapours     Pois/Air       #.....       19%         2

Your spell library contained the following spells:

 Spells                   Type           Power        Failure   Level
 Ignite Poison            Fire/Tmut/Pois #.......     36%         3
 Mephitic Cloud           Conj/Pois/Air  #.......     43%         3
 Olgreb's Toxic Radiance  Pois           ##......     52%         4


Dungeon Overview and Level Annotations

Branches:
Dungeon (2/15)

Altars:

Annotations:
D:2 Robin


Innate Abilities, Weirdness & Mutations

((Your plain brown scales are hard. (AC +5)))
You cannot fit into any form of body armour.
((You are cold-blooded and may be slowed by cold attacks.))


Message History

The goblin hits you but does no damage.
You closely miss the goblin.
The goblin is moderately wounded.
The goblin hits you but does no damage. The hobgoblin hits you with a +0 club.
* * * LOW HITPOINT WARNING * * *
The goblin hits you but does no damage. x2
Unknown command.
You hit the goblin.
You kill the goblin!
The goblin hits you but does no damage.
The hobgoblin hits you but does no damage.
The goblin barely misses you.
You hit the goblin.
You kill the goblin!
Your transformation is almost over.
The hobgoblin hits you but does no damage.
You hit the hobgoblin but do no damage.
The hobgoblin hits you but does no damage.
The hobgoblin hits you with a +0 club.
You die...

####### ### #....<#
.. #.....# .#
#.....######)######
#....<#....♣g.>....
#.......####g######
#.....### r#
#.....# g. #.....#
.## #.....# .#
####.## .. #.. ##
#..


You could see Robin, a quokka and 2 hobgoblins.

Vanquished Creatures
  2 dart slugs (D:1)
  A leopard gecko (D:1)
  4 bats (D:1)
  2 giant cockroaches (D:1)
  6 goblins
  5 hobgoblins
  4 kobolds (D:1)
  A frilled lizard (D:1)
  3 rats (D:1)
28 creatures vanquished.

Notes
Turn   | Place    | Note
-------+----------+-------------------------------------------
     0 | D:1      | B1Gdaddy5 the Draconian Venom Mage began the quest for the
                  | Orb.
     0 | D:1      | Reached XP level 1. HP: 14/14 MP: 3/3
   534 | D:1      | Reached XP level 2. HP: 20/20 MP: 1/5
  1029 | D:1      | Learned a level 2 spell: Poisonous Vapours
  1305 | D:1      | Reached XP level 3. HP: 26/26 MP: 3/6
  1525 | D:2      | Noticed Robin
  1546 | D:2      | Slain by a hobgoblin

Illustrated notes

Levels and vault maps discovered:
D:1:      dpeg_arrival_tiny_i, layout_loops_ring
D:2:      layout_rooms, chequers_ecumenical_altar_simple, uniq_jessica,
          uniq_robin

Skill      XL: |  1  2 |
---------------+-------+-----
Stealth        | 2 |  2.1
Dodging        | 2 |  2.1
Maces & Flails | |  0.1
Spellcasting   | |  2.4
Transmutations | |  1.5
Poison Magic   | |  3.3

Action                   || total
-------------------------++-------
Melee: Mace              ||    24
 Cast: Sting             ||    27
       Poisonous Vapours ||     5
  Use: Potion            ||     2
 Stab: Sleeping          ||     1
Armor: Skin              ||    27
Dodge: Dodged            ||    19

Table legend: (Time is in decaauts)
 A = Elapsed time spent in this place.
 B = Non-inter-level travel time spent in this place.
 C = Inter-level travel time spent in this place.
 D = Time resting spent in this place.
 E = Time spent auto-exploring this place.
 F = Levels seen in this place.
 G = Mean time per level.
                   A        B        C        D        E       F      G
               +--------+--------+--------+--------+--------+-----+--------+
         Total |   1553 |   1539 |     14 |    608 |    594 |   2 |  776.5 |
       Dungeon |   1553 |   1539 |     14 |    608 |    594 |   2 |  776.5 |
               +--------+--------+--------+--------+--------+-----+--------+

Top non-repeatable levels by time:
     D:1: 1509 daAuts
     D:2: 44 daAuts
